 Dungeon Crawl Stone Soup version 0.23-a0-650-ga4d50d4 (console) character file.

9 Duffy the Firebug (level 2, 17/19 HPs)
             Began as a Demonspawn Fire Elementalist on Jan 5, 2019.
             Quit the game on level 1 of the Dungeon.
             The game lasted 00:00:35 (497 turns).

Duffy the Firebug (Demonspawn Fire Elementalist)     Turns: 497, Time: 00:00:35

Health: 17/19      AC:  3    Str:  8    XL:     2   Next: 6%
Magic:  0/5        EV: 12    Int: 16    God:
Gold:   5          SH:  0    Dex: 13    Spells: 4/5 levels left

rFire    . . .     SeeInvis .   b - +0 dagger
rCold    + . .     Gourm    .   (no shield)
rNeg     . . .     Faith    .   a - +0 robe
rPois    .         Spirit   .   (no helmet)
rElec    .         Reflect  .   d - +0 cloak
rCorr    .         Harm     .   (no gloves)
MR       .....                  (no boots)
Stlth    ++........             (no amulet)
HPRegen  0.06/turn              f - ring of protection from cold
MPRegen  0.09/turn              (no ring)

@: no status effects
A: spiny 1
a: no special abilities


You were on level 1 of the Dungeon.
You were not hungry.

You visited 1 branch of the dungeon, and saw 1 of its levels.

You collected 5 gold pieces.

Inventory:

Hand Weapons
 b - a +0 dagger (weapon)
Armour
 a - a +0 robe (worn)
 d - a +0 cloak (worn)
Jewellery
 f - a ring of protection from cold (left hand)
Scrolls
 e - 3 scrolls of noise {unknown}
Comestibles
 c - 3 rations
 g - a chunk of flesh


   Skills:
 - Level 1.7 Dodging
 - Level 1.7 Stealth
 + Level 2.2 Spellcasting
 + Level 1.4 Conjurations
 + Level 2.9 Fire Magic


You had 4 spell levels left.
You knew the following spells:

 Your Spells              Type           Power        Failure   Level  Hunger
h - Flame Tongue          Conj/Fire      #....        9%          1    #......

Your spell library contained the following spells:

 Spells                   Type           Power        Failure   Level  Hunger
 Throw Flame              Conj/Fire      #.....       13%         2    ###....
 Conjure Flame            Conj/Fire      #.......     26%         3    ###....
 Inner Flame              Hex/Fire       #.......     32%         3    ###....
 Sticky Flame             Conj/Fire      #.......     63%         4    #####..
 Fireball                 Conj/Fire      #.........   93%         5    ######.


Dungeon Overview and Level Annotations

Branches:
Dungeon (1/15)

Altars:


Innate Abilities, Weirdness & Mutations

You are partially covered in sharp spines.


Message History

You barely miss the frilled lizard.
The frilled lizard is heavily wounded.
The frilled lizard closely misses you. The bat hits you.
You closely miss the frilled lizard.
The frilled lizard is heavily wounded.
The bat closely misses you.
The frilled lizard bites you but does no damage.
Casting: Flame Tongue (safe; 9% risk of failure)
Confirm with . or Enter, or press ? or * to list all spells.
Aiming: Flame Tongue (safe; 9% risk of failure)
Press: ? - help, Shift-Dir - straight line, f/p - bat
Aim: a bat The flame tongue hits the bat.
You kill the bat!
You have reached level 2!
Your demonic ancestry asserts itself...
Sharp spines emerge from parts of your body.
The frilled lizard is struck by your spines.
You kill the frilled lizard!
Are you sure you want to abandon this character and quit the game? (Confirm

~~.#.# ~~.#.# .....
##### ~~.#.# .....
..... ...'.#
.####...###.....
...'<#
................
~~.#.#
................
~~.#.#
................
~~.#.#
.#.............. ...
~0.#.# .......%@..#
... ~~.#.#
...........# ....
###### ...........#
..... ...........#
##.....
....###....##$......
#..........
#.............
#...........
#.............
#...........
#..........##.
#........#.#
#..........#


There were no monsters in sight!

Vanquished Creatures
  A goblin (D:1)
  2 hobgoblins (D:1)
  2 bats (D:1)
  2 frilled lizards (D:1)
  2 kobolds (D:1)
  A rat (D:1)
10 creatures vanquished.

Notes
Turn   | Place    | Note
-------+----------+-------------------------------------------
     0 | D:1      | Duffy the Demonspawn Fire Elementalist began the quest for
                  | the Orb.
     0 | D:1      | Reached XP level 1. HP: 13/13 MP: 3/3
   496 | D:1      | Gained mutation: You are partially covered in sharp spines.
                  | [demonic ancestry]
   496 | D:1      | Reached XP level 2. HP: 17/19 MP: 0/5
   497 | D:1      | Quit the game

Vault maps used:
D:1:      lightli_arrival_isolated_outpost

Action                   || total
-------------------------++-------
Melee: Dagger            ||    11
 Cast: Flame Tongue      ||    16
Armor: Robe              ||    13
Dodge: Dodged            ||    18

Table legend:
 A = Non-vault XP
 B = Vault XP
 C = Vault XP percentage of total XP
 D = Non-vault monster count
 E = Vault monster count
 F = Vault count percentage of total count
                 A         B        C        D         E       F
            +---------+---------+-------+---------+---------+-------
      Total |      14 |       0 |   0.0 |      10 |       0 |   0.0
            +---------+---------+-------+---------+---------+-------
        D:1 |      14 |       0 |   0.0 |      10 |       0 |   0.0
            +---------+---------+-------+---------+---------+-------
